Workbook

Sheet Budget Summary
A1: BAGEL BOY - BUDGET
A2: BUDGET SUMMARY | B2: EX VAT | C2: EX VAT (USD)
A3: ='Full Budget '!B2 -> TALENT | B3: ='Full Budget '!I2 -> 947040 | C3: =B3/$D$25 -> 57746.341
A4: ='Full Budget '!B34 -> EXECUTIVE TEAM | B4: ='Full Budget '!I34 -> 252000 | C4: =B4/$D$25 -> 15365.854
A5: ='Full Budget '!B40 -> DIRECTORS TEAM | B5: ='Full Budget '!I40 -> 506500 | C5: =B5/$D$25 -> 30884.146
A6: ='Full Budget '!B53 -> PRODUCTION TEAM | B6: ='Full Budget '!I53 -> 426500 | C6: =B6/$D$25 -> 26006.098
A7: ='Full Budget '!B62 -> ACCOUNTS DEPARTMENT | B7: ='Full Budget '!I62 -> 216000 | C7: =B7/$D$25 -> 13170.732
A8: ='Full Budget '!B65 -> CAMERA DEPARTMENT | B8: ='Full Budget '!I65 -> 746250 | C8: =B8/$D$25 -> 45503.049
A9: ='Full Budget '!B82 -> SOUND DEPARTMENT | B9: ='Full Budget '!I82 -> 101250 | C9: =B9/$D$25 -> 6173.7805
A10: ='Full Budget '!B92 -> LIGHTING DEPARTMENT | B10: ='Full Budget '!I92 -> 349000 | C10: =B10/$D$25 -> 21280.488
A11: ='Full Budget '!B105 -> GRIPS DEPARTMENT | B11: ='Full Budget '!I105 -> 159000 | C11: =B11/$D$25 -> 9695.122
A12: ='Full Budget '!B115 -> ART DEPARTMENT | B12: ='Full Budget '!I115 -> 955000 | C12: =B12/$D$25 -> 58231.707
A13: ='Full Budget '!B139 -> COSTUMES & MAKE-UP | B13: ='Full Budget '!I139 -> 616600 | C13: =B13/$D$25 -> 37597.561
A14: ='Full Budget '!B156 -> LOCATIONS | B14: ='Full Budget '!I156 -> 622300 | C14: =B14/$D$25 -> 37945.122
A15: ='Full Budget '!B181 -> TRANSPORT & LOGISTICS | B15: ='Full Budget '!I181 -> 441700 | C15: =B15/$D$25 -> 26932.927
A16: ='Full Budget '!B208 -> HOTEL & LIVING | B16: ='Full Budget '!I208 -> 359125 | C16: =B16/$D$25 -> 21897.866
A17: ='Full Budget '!B221 -> POST PRODUCTION | B17: ='Full Budget '!I221 -> 956821.4 | C17: =B17/$D$25 -> 58342.768
A18: ='Full Budget '!B244 -> OVERHEADS | B18: ='Full Budget '!I244 -> 61000 | C18: =B18/$D$25 -> 3719.5122
A19: ='Full Budget '!B262 -> PRODUCTION ADMINISTRATION | B19: ='Full Budget '!I262 -> 154321.73 | C19: =B19/$D$25 -> 9409.8615
A20: ='Full Budget '!B265 -> STATUTORY COSTS | B20: ='Full Budget '!I265 -> 25103 | C20: =B20/$D$25 -> 1530.6707
A21: ='Full Budget '!B269 -> INSURANCE | B21: ='Full Budget '!I269 -> 254488.87 | C21: =B21/$D$25 -> 15517.614
A22: Total | B22: =SUM(B3:B21) -> 8150000 | C22: =B22/$D$25 -> 496951.22
C25: ZAR per US$1 | D25: 16.4
C26: Rate rounded to R16.40; 23 September 2026.

Sheet Full Budget 
A1: SCHNO | B1: COST DESCRIPTION | C1: PRODUCER BUDGET NOTES | D1: CURR | E1: NO | F1: RATE | G1: QTY | H1: UNITS | I1: PROPOSED BUDGET (RAND) | J1: RECOVERY ITEMS TOTAL | L1: Cashflow | V1: Finance team notes | W1: Sanktuary Answers | Z1: SCHNO | AA1: COST DESCRIPTION | AB1: DETAIL | AD1: PAYROLL ITEM Y/N/I/R/RC | AE1: CURR | AF1: NO | AG1: PROPOSED BUDGET (US DOLLAR)
A2: A | B2: TALENT | I2: =SUM(I3+I6+I17+I25) -> 947040 | J2: 0 | L2: 45292 | M2: 45323 | N2: 45352 | O2: 45383 | P2: 45413 | Q2: 45444 | R2: 45474 | V2: No Payment Schedule - Please provide monthly cashflow to generate payment schedule according to the financial needs of the productio. | W2: Noted - see inclusion COLUMNS O-V | Z2: F | AA2: TALENT | AG2: =I2/'Budget Summary'!$D$25 -> 57746.341
A3: A01 | B3: LEAD ROLES | I3: =SUM(I4) -> 150000 | J3: 0 | N3: =I2 -> 947040 | S3: =SUM(L3:R3) -> 947040 | V3: No Budget Summary | W3: Noted - see BUDGET SUMMARY SHEET | Z3: F02 | AA3: LEAD ROLES | AG3: =I3/'Budget Summary'!$D$25 -> 9146.3415
A4: A01-001 | B4: RODNEY KATZ | C4: rehearsal + wardrobe + 3 week shoot | D4: ZAR | E4: 1 | F4: 7500 | G4: 20 | H4: CALL | I4: =E4*F4*G4 -> 150000 | J4: 0 | S4: =SUM(L4:R4) -> 0 | V4: Please advise if there aren't any internal costs. | W4: Sanktuary Films does not have offices nor permanent employees therefore there are no Recoverables. Or is the Production fee and Director (Jordy Sank who is the company owner) a recouplable, please advise. | Z4: F02-02 | AA4: LEAD - 1. ELSABE | AB4: 06. SHOOT | AD4: Y | AE4: ZAR | AF4: 1 | AG4: =I4/'Budget Summary'!$D$25 -> 9146.3415
A5: ST | B5: SUB-TOTAL | I5: =SUM(I4) -> 150000 | J5: 0 | S5: =SUM(L5:R5) -> 0 | Z5: ST | AA5: SUB-TOTAL | AG5: =I5/'Budget Summary'!$D$25 -> 9146.3415
A6: A02 | B6: SUPPORTING LEADS | I6: =SUM(I7:I15) -> 558000 | J6: 0 | S6: =SUM(L6:R6) -> 0 | Z6: F03 | AA6: SUPPORTING LEADS | AG6: =I6/'Budget Summary'!$D$25 -> 34024.39
A7: A02-001 | B7: THEO | D7: ZAR | E7: 1 | F7: 7500 | G7: 10 | H7: CALL | I7: =E7*F7*G7 -> 75000 | J7: 0 | S7: =SUM(L7:R7) -> 0 | Z7: F02-04 | AA7: LEAD - 3. MIENKIE | AB7: 06. SHOOT | AD7: Y | AE7: ZAR | AF7: 1 | AG7: =I7/'Budget Summary'!$D$25 -> 4573.1707
A8: A02-002 | B8: ROGER | D8: ZAR | E8: 1 | F8: 7500 | G8: 10 | H8: CALL | I8: =E8*F8*G8 -> 75000 | J8: 0 | S8: =SUM(L8:R8) -> 0 | Z8: F02-05 | AA8: LEAD - 4. KATHIE | AB8: 06. SHOOT | AD8: Y | AE8: ZAR | AF8: 1 | AG8: =I8/'Budget Summary'!$D$25 -> 4573.1707
A9: A02-003 | B9: MINKIE | D9: ZAR | E9: 1 | F9: 7500 | G9: 10 | H9: CALL | I9: =E9*F9*G9 -> 75000 | J9: 0 | S9: =SUM(L9:R9) -> 0 | Z9: F02-06 | AA9: LEAD - 5. WIKUS | AB9: 06. SHOOT | AD9: Y | AE9: ZAR | AF9: 1 | AG9: =I9/'Budget Summary'!$D$25 -> 4573.1707
A10: A02-004 | B10: RODNEY'S BROTHER | D10: ZAR | E10: 1 | F10: 7500 | G10: 6 | H10: CALL | I10: =E10*F10*G10 -> 45000 | J10: 0 | AG10: =I10/'Budget Summary'!$D$25 -> 2743.9024
A11: A02-005 | B11: RODNEY'S FATHER | D11: ZAR | E11: 1 | F11: 9000 | G11: 6 | H11: CALL | I11: =E11*F11*G11 -> 54000 | J11: 0 | AG11: =I11/'Budget Summary'!$D$25 -> 3292.6829
A12: A02-006 | B12: RODNEY'S MOTHER | D12: ZAR | E12: 1 | F12: 9000 | G12: 6 | H12: CALL | I12: =E12*F12*G12 -> 54000 | AG12: =I12/'Budget Summary'!$D$25 -> 3292.6829
A13: A02-007 | B13: RODNEY'S GRANDMOTHER | D13: ZAR | E13: 1 | F13: 9000 | G13: 6 | H13: CALL | I13: =E13*F13*G13 -> 54000 | AG13: =I13/'Budget Summary'!$D$25 -> 3292.6829
A14: A02-008 | B14: MICKEY | D14: ZAR | E14: 1 | F14: 7500 | G14: 12 | H14: CALL | I14: =E14*F14*G14 -> 90000 | J14: 0 | AG14: =I14/'Budget Summary'!$D$25 -> 5487.8049
A15: A02-009 | B15: TEACHER | D15: ZAR | E15: 1 | F15: 9000 | G15: 4 | H15: CALL | I15: =E15*F15*G15 -> 36000 | AG15: =I15/'Budget Summary'!$D$25 -> 2195.122
A16: ST | B16: SUB-TOTAL | I16: =I6 -> 558000 | J16: 0 | S16: =SUM(L16:R16) -> 0 | Z16: ST | AA16: SUB-TOTAL | AG16: =I16/'Budget Summary'!$D$25 -> 34024.39
A17: A03 | B17: FEATURED ONE LINERS / DAY PLAYERS | I17: =SUM(I18:I23) -> 24000 | J17: 0 | S17: =SUM(L17:R17) -> 0 | Z17: F06 | AA17: FEATURED ONE LINERS / DAY PLAYERS | AG17: =I17/'Budget Summary'!$D$25 -> 1463.4146
A18: A03-001 | B18: LIBRARIAN | D18: ZAR | E18: 1 | F18: 4000 | G18: 1 | H18: CALL | I18: =E18*F18*G18 -> 4000 | J18: 0 | S18: =SUM(L18:R18) -> 0 | Z18: F06-02 | AA18: FEATURED EXTRAS - POLICEMAN | AB18: 06. SHOOT | AD18: Y | AE18: ZAR | AF18: 1 | AG18: =I18/'Budget Summary'!$D$25 -> 243.90244
A19: A03-002 | B19: BULLY 1 | D19: ZAR | E19: 1 | F19: 4000 | G19: 1 | H19: CALL | I19: =E19*F19*G19 -> 4000 | J19: 0 | S19: =SUM(L19:R19) -> 0 | Z19: F06-03 | AA19: FEATURED EXTRAS - SHEEP FARMER | AB19: 06. SHOOT | AD19: Y | AE19: ZAR | AF19: 1 | AG19: =I19/'Budget Summary'!$D$25 -> 243.90244
A20: A03-003 | B20: BULLY 2 | D20: ZAR | E20: 1 | F20: 4000 | G20: 1 | H20: CALL | I20: =E20*F20*G20 -> 4000 | J20: 0 | S20: =SUM(L20:R20) -> 0 | Z20: F06-50 | AA20: FEATURED EXTRAS - BIKER | AB20: 06. SHOOT | AD20: Y | AE20: ZAR | AF20: 1 | AG20: =I20/'Budget Summary'!$D$25 -> 243.90244
A21: A03-004 | B21: BULLY 3 | D21: ZAR | E21: 1 | F21: 4000 | G21: 1 | H21: CALL | I21: =E21*F21*G21 -> 4000 | J21: 0 | S21: =SUM(L21:R21) -> 0 | Z21: F06-51 | AA21: FEATURED EXTRAS - WOMAN | AB21: 06. SHOOT | AD21: Y | AE21: ZAR | AF21: 1 | AG21: =I21/'Budget Summary'!$D$25 -> 243.90244
A22: A03-006 | B22: MINKIE'S DAD | D22: ZAR | E22: 1 | F22: 4000 | G22: 1 | H22: CALL | I22: =E22*F22*G22 -> 4000 | J22: 0 | AG22: =I22/'Budget Summary'!$D$25 -> 243.90244
A23: A03-007 | B23: TOWNFOLK | D23: ZAR | E23: 1 | F23: 4000 | G23: 1 | H23: CALL | I23: =E23*F23*G23 -> 4000 | J23: 0 | AG23: =I23/'Budget Summary'!$D$25 -> 243.90244
A24: ST | B24: SUB-TOTAL | I24: =SUM(I18:I23) -> 24000 | J24: 0 | S24: =SUM(L24:R24) -> 0 | Z24: ST | AA24: SUB-TOTAL | AG24: =I24/'Budget Summary'!$D$25 -> 1463.4146
A25: A04 | B25: EXTRAS (NON-SPEAKING) | I25: =SUM(I26:I30) -> 215040 | J25: 0 | S25: =SUM(L25:R25) -> 0 | Z25: F07 | AA25: FEATURED EXTRAS (NON-SPEAKING) | AG25: =I25/'Budget Summary'!$D$25 -> 13112.195
A26: A04-002 | B26: Library extras | D26: ZAR | E26: 12 | F26: 420 | G26: 1 | H26: CALL | I26: =E26*F26*G26 -> 5040 | J26: 0 | S26: =SUM(L26:R26) -> 0 | Z26: F07-03 | AA26: BACKGROUND EXTRAS - FESTIVAL GOERS | AB26: 06. SHOOT | AD26: Y | AE26: ZAR | AF26: 50 | AG26: =I26/'Budget Summary'!$D$25 -> 307.31707
A27: A04-003 | B27: Town Extras | D27: ZAR | E27: 35 | F27: 420 | G27: 5 | H27: CALL | I27: =E27*F27*G27 -> 73500 | J27: 0 | AG27: =I27/'Budget Summary'!$D$25 -> 4481.7073
A28: A04-004 | B28: School Extras | D28: ZAR | E28: 65 | F28: 420 | G28: 3 | H28: CALL | I28: =E28*F28*G28 -> 81900 | J28: 0 | AG28: =I28/'Budget Summary'!$D$25 -> 4993.9024
A29: A04-005 | B29: Disco Dirks Extras | D29: ZAR | E29: 30 | F29: 420 | G29: 1 | H29: CALL | I29: =E29*F29*G29 -> 12600 | J29: 0 | AG29: =I29/'Budget Summary'!$D$25 -> 768.29268
A30: A04-006 | B30: School Assembly Extras | D30: ZAR | E30: 100 | F30: 420 | G30: 1 | H30: CALL | I30: =E30*F30*G30 -> 42000 | J30: 0 | AG30: =I30/'Budget Summary'!$D$25 -> 2560.9756
A31: ST | B31: SUB-TOTAL | I31: =SUM(I26:I30) -> 215040 | J31: 0 | S31: =SUM(L31:R31) -> 0 | Z31: ST | AA31: SUB-TOTAL | AG31: =I31/'Budget Summary'!$D$25 -> 13112.195
A32: * | H32: TOTAL: | I32: =SUM(I5+I16+I24+I31) -> 947040 | J32: 0 | S32: =SUM(L32:R32) -> 0 | Z32: * | AG32: =I32/'Budget Summary'!$D$25 -> 57746.341
A33: ST1 | B33: SUB-TOTAL: ABOVE THE LINE: TALENT | H33: TOTAL: | I33: =I32+J32 -> 947040 | J33: 0 | S33: =SUM(L33:R33) -> 0 | Z33: ST1 | AA33: SUB-TOTAL: ABOVE THE LINE: TALENT | AG33: =I33/'Budget Summary'!$D$25 -> 57746.341
B34: EXECUTIVE TEAM | I34: =I39 -> 252000 | J34: 0 | L34: 30000 | M34: 30000 | N34: 30000 | O34: 30000 | P34: 30000 | Q34: =I34-L34-M34-N34-O34-P34 -> 102000 | S34: =SUM(L34:R34) -> 252000 | Z34: G | AA34: EXECUTIVE TEAM | AG34: =I34/'Budget Summary'!$D$25 -> 15365.854
A35: B | B35: PRODUCERS - SHOWRUNNERS | I35: =I37 -> 252000 | J35: 0 | S35: =SUM(L35:R35) -> 0 | Z35: G01 | AA35: PRODUCERS - SHOWRUNNERS | AG35: =I35/'Budget Summary'!$D$25 -> 15365.854
A36: B01-001 | B36: PRODUCERS | C36: 6 weeks prep + 4.5 week shoot + post prod | D36: ZAR | E36: 1 | F36: 42000 | G36: 6 | H36: MONTH | I36: =E36*F36*G36 -> 252000 | J36: 0 | S36: =SUM(L36:R36) -> 0 | V36: Please confirm, is the cost not internal? | W36: Jordy Sank (director) is the company owner. The producer will be employed via this contract. Should the Director line be under Recoverable? | Y36: Yes please | Z36: G01-02 | AA36: PRODUCERS - | AB36: 02. ALL PHASES | AD36: Y | AE36: ZAR | AF36: 1 | AG36: =I36/'Budget Summary'!$D$25 -> 15365.854
A37: ST | B37: SUB-TOTAL | I37: =I36 -> 252000 | J37: 0 | S37: =SUM(L37:R37) -> 0 | Z37: ST | AA37: SUB-TOTAL | AG37: =I37/'Budget Summary'!$D$25 -> 15365.854
A38: * | H38: TOTAL: | I38: =I37 -> 252000 | J38: 0 | S38: =SUM(L38:R38) -> 0 | Z38: * | AG38: =I38/'Budget Summary'!$D$25 -> 15365.854
A39: ST1 | B39: SUB-TOTAL: ABOVE THE LINE: EXECUTIVE TEAM | H39: TOTAL: | I39: =I38+J38 -> 252000 | J39: 0 | S39: =SUM(L39:R39) -> 0 | Z39: ST1 | AA39: SUB-TOTAL: ABOVE THE LINE: EXECUTIVE TEAM | AG39: =I39/'Budget Summary'!$D$25 -> 15365.854
B40: DIRECTORS TEAM | I40: =SUM(I41+I44+I49) -> 506500 | J40: 0 | S40: =SUM(L40:R40) -> 0 | Z40: H | AA40: DIRECTORS TEAM | AG40: =I40/'Budget Summary'!$D$25 -> 30884.146
A41: C01 | B41: DIRECTORS | I41: =I42 -> 252000 | J41: 0 | S41: =SUM(L41:R41) -> 0 | Z41: H01 | AA41: DIRECTORS | AG41: =I41/'Budget Summary'!$D$25 -> 15365.854
A42: C01-001 | B42: DIRECTOR | D42: ZAR | E42: 1 | F42: 42000 | G42: 6 | H42: MONTH | I42: =E42*F42*G42 -> 252000 | J42: 0 | S42: =SUM(L42:R42) -> 0 | V42: Please provide a break down of the cost | W42: This is a flat rate, the director Jordy sank is also the company owner and therefore still working during this production phase. The director will be working from January through to packaging and delivery. | Y42: RC implemented | Z42: H01-02 | AA42: DIRECTOR - | AB42: 02. ALL PHASES | AD42: RC | AE42: ZAR | AF42: 1 | AG42: =I42/'Budget Summary'!$D$25 -> 15365.854
A43: ST | B43: SUB-TOTAL | I43: =I42 -> 252000 | J43: 0 | L43: 30000 | M43: 30000 | N43: 30000 | O43: 30000 | P43: 30000 | Q43: =I41-L43-M43-N43-O43-P43 -> 102000 | S43: =SUM(L43:R43) -> 252000 | Z43: ST | AA43: SUB-TOTAL | AG43: =I43/'Budget Summary'!$D$25 -> 15365.854
A44: C02 | B44: ASSISTANT DIRECTORS | I44: =I48 -> 170500 | J44: 0 | S44: =SUM(L44:R44) -> 0 | Z44: H03 | AA44: ASSISTANT DIRECTORS | AG44: =I44/'Budget Summary'!$D$25 -> 10396.341
A45: C02-001 | B45: 1ST AD | C45: 6 week prep + 4.5 weeks shoot | D45: ZAR | E45: 1 | F45: 16000 | G45: 7 | H45: WEEK | I45: =E45*F45*G45 -> 112000 | J45: 0 | S45: =SUM(L45:R45) -> 0 | Z45: H03-02 | AA45: 1ST AD | AB45: 06. SHOOT | AD45: Y | AE45: ZAR | AF45: 1 | AG45: =I45/'Budget Summary'!$D$25 -> 6829.2683
A46: C02-002 | B46: 2nd AD | D46: ZAR | E46: 1 | F46: 7500 | G46: 5 | H46: WEEK | I46: =E46*F46*G46 -> 37500 | J46: 0 | AG46: =I46/'Budget Summary'!$D$25 -> 2286.5854
A47: C02-003 | B47: 3RD AD | D47: ZAR | E47: 1 | F47: 7000 | G47: 3 | H47: WEEK | I47: =E47*F47*G47 -> 21000 | J47: 0 | S47: =SUM(L47:R47) -> 0 | Z47: H03-03 | AA47: 3RD AD | AB47: 06. SHOOT | AD47: Y | AE47: ZAR | AF47: 1 | AG47: =I47/'Budget Summary'!$D$25 -> 1280.4878
A48: ST | B48: SUB-TOTAL | I48: =SUM(I45:I47) -> 170500 | J48: 0 | N48: =SUM(I48) -> 170500 | S48: =SUM(L48:R48) -> 170500 | Z48: ST | AA48: SUB-TOTAL | AG48: =I48/'Budget Summary'!$D$25 -> 10396.341
A49: C03 | B49: SCRIPT & CONTINUITY | I49: =I51 -> 84000 | J49: 0 | S49: =SUM(L49:R49) -> 0 | Z49: H04 | AA49: SCRIPT & CONTINUITY | AG49: =I49/'Budget Summary'!$D$25 -> 5121.9512
A50: C03-001 | B50: SCRIPT SUPERVISOR / CONTINUITY | D50: ZAR | E50: 1 | F50: 12000 | G50: 7 | H50: WEEK | I50: =E50*F50*G50 -> 84000 | J50: 0 | S50: =SUM(L50:R50) -> 0 | Z50: H04-02 | AA50: SCRIPT SUPERVISOR / CONTINUITY | AD50: Y | AE50: ZAR | AF50: 1 | AG50: =I50/'Budget Summary'!$D$25 -> 5121.9512
A51: ST | B51: SUB-TOTAL | I51: =I50 -> 84000 | J51: 0 | N51: =I51 -> 84000 | S51: =SUM(L51:R51) -> 84000 | Z51: ST | AA51: SUB-TOTAL | AG51: =I51/'Budget Summary'!$D$25 -> 5121.9512
A52: * | H52: TOTAL: | I52: =SUM(I43+I48+I51) -> 506500 | J52: 0 | S52: =SUM(L52:R52) -> 0 | X52: What formula should be in this column, please advise? | Y52: Sub total Directors Team (SUM OF K42+K46+K49 | Z52: * | AG52: =I52/'Budget Summary'!$D$25 -> 30884.146
A53: I | B53: PRODUCTION TEAM | I53: =I61 -> 426500 | J53: 0 | S53: =SUM(L53:R53) -> 0 | Z53: I | AA53: PRODUCTION TEAM | AG53: =I53/'Budget Summary'!$D$25 -> 26006.098
A54: D01 | B54: PRODUCTION CREW | I54: =I60 -> 426500 | J54: 0 | S54: =SUM(L54:R54) -> 0 | Z54: I01 | AA54: PRODUCTION CREW | AG54: =I54/'Budget Summary'!$D$25 -> 26006.098
A55: D01-001 | B55: LINE PRODUCER | D55: ZAR | E55: 1 | F55: 17000 | G55: 11 | H55: WEEK | I55: =E55*F55*G55 -> 187000 | J55: 0 | L55: =F55/3 -> 5666.6667 | M55: =F55 -> 17000 | N55: =F55 -> 17000 | O55: =F55/3 -> 5666.6667 | P55: =F55/3 -> 5666.6667 | S55: =SUM(L55:R55) -> 51000 | Z55: I01-02 | AA55: LINE PRODUCER | AB55: 02. ALL PHASES | AD55: Y | AE55: ZAR | AF55: 1 | AG55: =I55/'Budget Summary'!$D$25 -> 11402.439
A56: D01-002 | B56: PRODUCTION MANAGER | D56: ZAR | E56: 1 | F56: 14000 | G56: 9 | H56: WEEK | I56: =E56*F56*G56 -> 126000 | J56: 0 | M56: =I56/2 -> 63000 | N56: =I56/2 -> 63000 | S56: =SUM(L56:R56) -> 126000 | Z56: I01-03 | AA56: PRODUCTION MANAGER | AB56: 06. SHOOT | AD56: Y | AE56: ZAR | AF56: 1 | AG56: =I56/'Budget Summary'!$D$25 -> 7682.9268
A57: D01-003 | B57: PRODUCTION CO-ORDINATOR | D57: ZAR | E57: 1 | F57: 8500 | G57: 7 | H57: WEEK | I57: =E57*F57*G57 -> 59500 | J57: 0 | N57: =I57 -> 59500 | S57: =SUM(L57:R57) -> 59500 | Z57: I01-04 | AA57: PRODUCTION CO-ORDINATOR & 2ND AD | AB57: 06. SHOOT | AC57: only shoot | AD57: Y | AE57: ZAR | AF57: 1 | AG57: =I57/'Budget Summary'!$D$25 -> 3628.0488
A58: D01-004 | B58: PRODUCTION RUNNER | D58: ZAR | E58: 1 | F58: 6000 | G58: 5 | H58: WEEK | I58: =E58*F58*G58 -> 30000 | J58: 0 | N58: =I58 -> 30000 | S58: =SUM(L58:R58) -> 30000 | Z58: I01-05 | AA58: PRODUCTION RUNNER | AB58: 06. SHOOT | AC58: only shoot | AD58: Y | AE58: ZAR | AF58: 1 | AG58: =I58/'Budget Summary'!$D$25 -> 1829.2683
A59: D01-005 | B59: PRODUCTION DRIVER | D59: ZAR | E59: 1 | F59: 6000 | G59: 4 | H59: WEEK | I59: =E59*F59*G59 -> 24000 | J59: 0 | N59: =I59 -> 24000 | S59: =SUM(L59:R59) -> 24000 | Z59: I01-05 | AA59: PRODUCTION RUNNER | AB59: 06. SHOOT | AC59: only shoot | AD59: Y | AE59: ZAR | AF59: 1 | AG59: =I59/'Budget Summary'!$D$25 -> 1463.4146
A60: ST | B60: SUB-TOTAL | I60: =SUM(I55:I59) -> 426500 | J60: 0 | S60: =SUM(L60:R60) -> 0 | Z60: ST | AA60: SUB-TOTAL | AG60: =I60/'Budget Summary'!$D$25 -> 26006.098
A61: * | H61: TOTAL: | I61: =I54+J54 -> 426500 | J61: 0 | S61: =SUM(L61:R61) -> 0 | Z61: * | AG61: =I61/'Budget Summary'!$D$25 -> 26006.098
A62: E01 | B62: ACCOUNTS DEPARTMENT | I62: =I64 -> 216000 | J62: 0 | S62: =SUM(L62:R62) -> 0 | Z62: J | AA62: ACCOUNTS DEPARTMENT | AG62: =I62/'Budget Summary'!$D$25 -> 13170.732
A63: E01-001 | B63: PRODUCTION ACCOUNTANT | D63: ZAR | E63: 1 | F63: 36000 | G63: 6 | H63: MONTH | I63: =E63*F63*G63 -> 216000 | J63: 0 | L63: =I63/5 -> 43200 | M63: =L63 -> 43200 | N63: =L63 -> 43200 | O63: =L63 -> 43200 | P63: =L63/2 -> 21600 | Q63: =M63/2 -> 21600 | S63: =SUM(L63:R63) -> 216000 | Z63: J002 | AA63: PRODUCTION ACCOUNTANT | AB63: 02. ALL PHASES | AD63: Y | AE63: ZAR | AF63: 1 | AG63: =I63/'Budget Summary'!$D$25 -> 13170.732
A64: * | H64: TOTAL: | I64: =I63 -> 216000 | J64: 0 | S64: =SUM(L64:R64) -> 0 | Z64: * | AG64: =I64/'Budget Summary'!$D$25 -> 13170.732
A65: L | B65: CAMERA DEPARTMENT | I65: =I81 -> 746250 | J65: 0 | S65: =SUM(L65:R65) -> 0 | Z65: L | AA65: CAMERA DEPARTMENT | AG65: =I65/'Budget Summary'!$D$25 -> 45503.049
A66: F01 | B66: CAMERA CREW | I66: =I72 -> 285250 | J66: 0 | S66: =SUM(L66:R66) -> 0 | Z66: L01 | AA66: CAMERA CREW | AG66: =I66/'Budget Summary'!$D$25 -> 17393.293
A67: F01-001 | B67: DOP / CAMERA HOD | D67: ZAR | E67: 1 | F67: 22000 | G67: 7 | H67: WEEK | I67: =E67*F67*G67 -> 154000 | J67: 0 | M67: =I67/2 -> 77000 | N67: =I67/2 -> 77000 | S67: =SUM(L67:R67) -> 154000 | Z67: L01-02 | AA67: DOP / CAMERA HOD | AB67: 06. SHOOT | AD67: Y | AE67: ZAR | AF67: 1 | AG67: =I67/'Budget Summary'!$D$25 -> 9390.2439
A68: F01-002 | B68: FOCUS PULLER | D68: ZAR | E68: 1 | F68: 12500 | G68: 3.5 | H68: WEEK | I68: =E68*F68*G68 -> 43750 | J68: 0 | N68: =I68 -> 43750 | S68: =SUM(L68:R68) -> 43750 | Z68: L01-03 | AA68: FOCUS PULLER | AB68: 06. SHOOT | AD68: Y | AE68: ZAR | AF68: 1 | AG68: =I68/'Budget Summary'!$D$25 -> 2667.6829
A69: F01-003 | B69: LOADER | D69: ZAR | E69: 1 | F69: 7000 | G69: 3.5 | H69: WEEK | I69: =E69*F69*G69 -> 24500 | J69: 0 | AG69: =I69/'Budget Summary'!$D$25 -> 1493.9024
A70: F01-004 | B70: CAMERA ASSISTANT | D70: ZAR | E70: 1 | F70: 6000 | G70: 3.5 | H70: WEEK | I70: =E70*F70*G70 -> 21000 | J70: 0 | N70: =I70 -> 21000 | S70: =SUM(L70:R70) -> 21000 | Z70: L01-04 | AA70: CAMERA ASSISTANT | AB70: 06. SHOOT | AD70: Y | AE70: ZAR | AF70: 1 | AG70: =I70/'Budget Summary'!$D$25 -> 1280.4878
A71: F01-005 | B71: DIT | D71: ZAR | E71: 1 | F71: 12000 | G71: 3.5 | H71: WEEK | I71: =E71*F71*G71 -> 42000 | J71: 0 | N71: =I71 -> 42000 | S71: =SUM(L71:R71) -> 42000 | Z71: X01-05 | AA71: POST CREW - DIT | AB71: 06. SHOOT | AD71: Y | AE71: ZAR | AF71: 1 | AG71: =I71/'Budget Summary'!$D$25 -> 2560.9756
A72: ST | B72: SUB-TOTAL | I72: =SUM(I67:I71) -> 285250 | J72: 0 | S72: =SUM(L72:R72) -> 0 | Z72: ST | AA72: SUB-TOTAL | AG72: =I72/'Budget Summary'!$D$25 -> 17393.293
A73: F02 | B73: CAMERA GEAR | I73: =I80 -> 461000 | J73: 0 | S73: =SUM(L73:R73) -> 0 | Z73: L02 | AA73: CAMERA GEAR | AG73: =I73/'Budget Summary'!$D$25 -> 28109.756
A74: F02-001 | B74: CAMERA KIT | D74: ZAR | E74: 1 | F74: 12000 | G74: 18 | H74: DAY | I74: =E74*F74*G74 -> 216000 | J74: 0 | S74: =SUM(L74:R74) -> 0 | V74: Camera operator needed for 5 weeks, please advise on the discrepancy. | W74: The DOP is needed for an extra two weeks for pre-production (please see schedule - they will be on the recce, doing the shot breakdown, final shotlist and equipment list. | X74: #REF! | Z74: L02-02 | AA74: CAMERA KIT - MAIN PACKAGE | AB74: 06. SHOOT | AD74: C | AE74: ZAR | AF74: 1 | AG74: =I74/'Budget Summary'!$D$25 -> 13170.732
A75: F02-002 | B75: FOCUS PULLER KIT | D75: ZAR | E75: 1 | F75: 9000 | G75: 3 | H75: WEEK | I75: =E75*F75*G75 -> 27000 | J75: 0 | AG75: =I75/'Budget Summary'!$D$25 -> 1646.3415
A76: F02-003 | B76: LENSES | D76: ZAR | E76: 1 | F76: 7000 | G76: 18 | H76: DAY | I76: =E76*F76*G76 -> 126000 | J76: 0 | AG76: =I76/'Budget Summary'!$D$25 -> 7682.9268
A77: F02-004 | B77: CAMERA ACCESSORIES | D77: ZAR | E77: 1 | F77: 3000 | G77: 18 | H77: ALLOW | I77: =E77*F77*G77 -> 54000 | J77: 0 | AG77: =I77/'Budget Summary'!$D$25 -> 3292.6829
A78: F02-005 | B78: MONITORS AND VT KIT | D78: ZAR | E78: 1 | F78: 10000 | G78: 3 | H78: WEEK | I78: =E78*F78*G78 -> 30000 | J78: 0 | AG78: =I78/'Budget Summary'!$D$25 -> 1829.2683
A79: F02-006 | B79: CAMERA KIT - CONSUMABLES | D79: ZAR | E79: 1 | F79: 8000 | G79: 1 | H79: ALLOW | I79: =E79*F79*G79 -> 8000 | J79: 0 | S79: =SUM(L79:R79) -> 0 | Z79: L02-05 | AA79: CAMERA KIT - CONSUMABLES | AB79: 06. SHOOT | AD79: C | AE79: ZAR | AF79: 1 | AG79: =I79/'Budget Summary'!$D$25 -> 487.80488
A80: ST | B80: SUB-TOTAL | I80: =SUM(I74:I79) -> 461000 | J80: 0 | N80: =I80 -> 461000 | S80: =SUM(L80:R80) -> 461000 | Z80: ST | AA80: SUB-TOTAL | AG80: =I80/'Budget Summary'!$D$25 -> 28109.756
A81: * | H81: TOTAL: | I81: =I72+I80 -> 746250 | J81: 0 | S81: =SUM(L81:R81) -> 0 | Z81: * | AG81: =I81/'Budget Summary'!$D$25 -> 45503.049
A82: M | B82: SOUND DEPARTMENT | I82: =I91 -> 101250 | J82: 0 | N82: =I82 -> 101250 | S82: =SUM(L82:R82) -> 101250 | Z82: M | AA82: SOUND DEPARTMENT | AG82: =I82/'Budget Summary'!$D$25 -> 6173.7805
A83: G01 | B83: SOUND CREW | I83: =I86 -> 66250 | J83: 0 | S83: =SUM(L83:R83) -> 0 | Z83: M01 | AA83: SOUND CREW | AG83: =I83/'Budget Summary'!$D$25 -> 4039.6341
A84: G01-001 | B84: SOUND RECORDIST | D84: ZAR | E84: 1 | F84: 12500 | G84: 3.5 | H84: WEEK | I84: =E84*F84*G84 -> 43750 | J84: 0 | S84: =SUM(L84:R84) -> 0 | Z84: M01-02 | AA84: SOUND RECORDIST | AB84: 06. SHOOT | AD84: Y | AE84: ZAR | AF84: 1 | AG84: =I84/'Budget Summary'!$D$25 -> 2667.6829
A85: G01-002 | B85: BOOM OPERATOR | D85: ZAR | E85: 1 | F85: 7500 | G85: 3 | H85: WEEK | I85: =E85*F85*G85 -> 22500 | J85: 0 | S85: =SUM(L85:R85) -> 0 | Z85: M01-03 | AA85: BOOM OPERATOR | AB85: 06. SHOOT | AD85: Y | AE85: ZAR | AF85: 1 | AG85: =I85/'Budget Summary'!$D$25 -> 1371.9512
A86: ST | B86: SUB-TOTAL | I86: =SUM(I84:I85) -> 66250 | J86: 0 | S86: =SUM(L86:R86) -> 0 | Z86: ST | AA86: SUB-TOTAL | AG86: =I86/'Budget Summary'!$D$25 -> 4039.6341
A87: G02 | B87: SOUND GEAR | I87: =I90 -> 35000 | J87: 0 | S87: =SUM(L87:R87) -> 0 | Z87: M02 | AA87: SOUND GEAR | AG87: =I87/'Budget Summary'!$D$25 -> 2134.1463
A88: G02-001 | B88: SOUND GEAR - PACKAGE | D88: ZAR | E88: 1 | F88: 10000 | G88: 3 | H88: WEEK | I88: =E88*F88*G88 -> 30000 | J88: 0 | S88: =SUM(L88:R88) -> 0 | Z88: M02-02 | AA88: SOUND GEAR - PACKAGE | AB88: 06. SHOOT | AD88: C | AE88: ZAR | AF88: 1 | AG88: =I88/'Budget Summary'!$D$25 -> 1829.2683
A89: G02-002 | B89: SOUND GEAR - CONSUMABLES | D89: ZAR | E89: 1 | F89: 5000 | G89: 1 | H89: ALLOW | I89: =E89*F89*G89 -> 5000 | J89: 0 | S89: =SUM(L89:R89) -> 0 | Z89: M02-03 | AA89: SOUND GEAR - CONSUMABLES | AB89: 06. SHOOT | AD89: C | AE89: ZAR | AF89: 1 | AG89: =I89/'Budget Summary'!$D$25 -> 304.87805
A90: ST | B90: SUB-TOTAL | I90: =SUM(I88:I89) -> 35000 | J90: 0 | S90: =SUM(L90:R90) -> 0 | Z90: ST | AA90: SUB-TOTAL | AG90: =I90/'Budget Summary'!$D$25 -> 2134.1463
A91: * | H91: TOTAL: | I91: =SUM(I86+I90) -> 101250 | J91: 0 | S91: =SUM(L91:R91) -> 0 | Z91: * | AG91: =I91/'Budget Summary'!$D$25 -> 6173.7805
A92: N | B92: LIGHTING DEPARTMENT | I92: =I104 -> 349000 | J92: 0 | N92: =I92 -> 349000 | S92: =SUM(L92:R92) -> 349000 | Z92: N | AA92: LIGHTING DEPARTMENT | AG92: =I92/'Budget Summary'!$D$25 -> 21280.488
A93: H01 | B93: LIGHTING CREW | I93: =I98 -> 173000 | J93: 0 | S93: =SUM(L93:R93) -> 0 | Z93: N01 | AA93: LIGHTING CREW | AG93: =I93/'Budget Summary'!$D$25 -> 10548.78
A94: H01-001 | B94: GAFFER | D94: ZAR | E94: 1 | F94: 16500 | G94: 5 | H94: WEEK | I94: =E94*F94*G94 -> 82500 | J94: 0 | S94: =SUM(L94:R94) -> 0 | Z94: N01-02 | AA94: GAFFER | AB94: 06. SHOOT | AD94: Y | AE94: ZAR | AF94: 1 | AG94: =I94/'Budget Summary'!$D$25 -> 5030.4878
A95: H01-002 | B95: BEST BOY - LIGHTING | D95: ZAR | E95: 1 | F95: 9000 | G95: 4 | H95: WEEK | I95: =E95*F95*G95 -> 36000 | J95: 0 | S95: =SUM(L95:R95) -> 0 | Z95: N01-03 | AA95: BEST BOY - LIGHTING | AB95: 06. SHOOT | AD95: Y | AE95: ZAR | AF95: 1 | AG95: =I95/'Budget Summary'!$D$25 -> 2195.122
A96: H01-003 | B96: LIGHTING CREW - SPARK | D96: ZAR | E96: 1 | F96: 8000 | G96: 4 | H96: WEEK | I96: =E96*F96*G96 -> 32000 | J96: 0 | S96: =SUM(L96:R96) -> 0 | Z96: N01-04 | AA96: LIGHTING CREW - SPARK | AB96: 06. SHOOT | AD96: Y | AE96: ZAR | AF96: 1 | AG96: =I96/'Budget Summary'!$D$25 -> 1951.2195
A97: H01-004 | B97: LIGHTING CREW - GENNY OPERATOR | D97: ZAR | E97: 1 | F97: 7500 | G97: 3 | H97: WEEK | I97: =E97*F97*G97 -> 22500 | J97: 0 | AG97: =I97/'Budget Summary'!$D$25 -> 1371.9512
A98: ST | B98: SUB-TOTAL | I98: =SUM(I94:I97) -> 173000 | J98: 0 | S98: =SUM(L98:R98) -> 0 | Z98: ST | AA98: SUB-TOTAL | AG98: =I98/'Budget Summary'!$D$25 -> 10548.78
A99: H02 | B99: LIGHTING GEAR | I99: =I103 -> 176000 | J99: 0 | S99: =SUM(L99:R99) -> 0 | Z99: N02 | AA99: LIGHTING GEAR | AG99: =I99/'Budget Summary'!$D$25 -> 10731.707
A100: H02-001 | B100: LIGHTING GEAR - PACKAGE | D100: ZAR | E100: 1 | F100: 50000 | G100: 3 | H100: WEEK | I100: =E100*F100*G100 -> 150000 | J100: 0 | S100: =SUM(L100:R100) -> 0 | Z100: N02-02 | AA100: LIGHTING GEAR - PACKAGE | AB100: 06. SHOOT | AD100: C | AE100: ZAR | AF100: 1 | AG100: =I100/'Budget Summary'!$D$25 -> 9146.3415
...
